 Dungeon Crawl Stone Soup version 0.29-a0-789-g7a8fcbc185 (webtiles) character file.

Game seed: 14376421316611123729

1246 nicolae the Insei (level 8, 0/59 HPs)
             Began as a Red Draconian Transmuter on July 2, 2022.
             Slain by Duvessa
             ... wielding a +0 short sword
              (9 damage)
             ... on level 5 of the Dungeon.
             The game lasted 00:08:44 (5262 turns).

nicolae the Insei (Red Draconian Transmuter)        Turns: 5262, Time: 00:08:45

Health: 0/59       AC:  7    Str: 12    XL:     8   Next: 25%
Magic:  15/15      EV: 16    Int: 16    God:
Gold:   189        SH:  0    Dex: 12    Spells: 6/16 levels left

rFire   + . .      SeeInvis .     - Unarmed
rCold   . . .      Faith    .   (no shield)
rNeg    . . .      Spirit   .   (body armour unavailable)
rPois   .          Reflect  .   (helmet currently unavailable)
rElec   .          Harm     .   (no cloak)
rCorr   .          Rampage  .   n - +0 pair of gloves
Will    .....                   (boots currently unavailable)
Stlth   +.........              t - amulet of magic regeneration
HPRegen 0.19/turn               e - +4 ring of evasion
MPRegen 0.54/turn               (no ring)

@: appendages
A: horns 2, talons 2, breathe fire, AC +6, unfitting armour, fire resistance 1,
cold-blooded
a: Breathe Fire, End Transformation


You were on level 5 of the Dungeon.
You had temporarily grown beastly horns and talons.
You visited 1 branch of the dungeon, and saw 5 of its levels.

You collected 189 gold pieces.

Inventory:

Missiles
 d - 4 poisoned darts
 r - a throwing net
Armour
 n - a +0 pair of gloves (worn)
Jewellery
 e - a +4 ring of evasion (left hand)
 h - a ring of ice
 t - an amulet of magic regeneration (around neck)
Scrolls
 b - a scroll of poison
 c - a scroll of torment {unknown}
 f - 4 scrolls of amnesia
 g - 2 scrolls of magic mapping
 j - a scroll of fog {unknown}
 k - 2 scrolls of teleportation
 l - 2 scrolls of enchant armour {unknown}
 q - a scroll of immolation {unknown}
Potions
 a - 2 potions of lignification
 i - a potion of curing
 m - a potion of degeneration {unknown}
 o - a potion of brilliance
 p - a potion of berserk rage {unknown}
 s - a potion of attraction {unknown}
 u - a potion of resistance {unknown}


   Skills:
 - Level 1.1 Fighting
 - Level 1.7 Dodging
 + Level 5.8 Unarmed Combat
 + Level 4.9 Spellcasting
 + Level 5.2 Transmutations
 + Level 2.0 Ice Magic
 + Level 3.9 Poison Magic


You had 6 spell levels left.
You knew the following spells:

 Your Spells              Type           Power      Damage    Failure   Level
a - Beastly Appendage     Tmut           40%        N/A       1%          1
b - Wereblood             Tmut           20%        N/A       2%          2
c - Spider Form           Tmut/Pois      18%        N/A       7%          3
d - Ice Form              Ice/Tmut       15%        N/A       34%         4

Your spell library contained the following spells:

 Spells                   Type           Power      Damage    Failure   Level
 Sting                    Tmut/Pois      72%        1d6       2%          1
 Poisonous Vapours        Pois/Air       20%        N/A       11%         2
 Ignite Poison            Fire/Tmut/Pois 13%        N/A       13%         3
 Olgreb's Toxic Radiance  Pois           16%        N/A       30%         4
 Confusing Touch          Hex            3%         N/A       43%         3
 Conjure Flame            Conj/Fire      3%         6-21      43%         3
 Yara's Violent Unravell  Hex/Tmut       6%         3d5       82%         5
 Sticky Flame             Conj/Fire      3%         2d3       83%         4
 Enfeeble                 Hex            1%         N/A       100%        7


Dungeon Overview and Level Annotations

Branches:
Dungeon (5/15)
 Temple: D:4-7

Altars:
Fedhas

Annotations:
D:5 Duvessa


Innate Abilities, Weirdness & Mutations

You have temporarily grown beastly horns and talons.
You can breathe blasts of fire.
Your fiery red scales are hard. (AC +6)
You cannot fit into any form of body armour.
Your flesh is heat resistant. (rF+)
You are cold-blooded and may be slowed by cold attacks.


Message History

Duvessa completely misses you.
Your Ice Magic skill increases to level 2!
You punch Duvessa! You headbutt Duvessa, but do no damage. You punch Duvessa.
Duvessa is moderately wounded.
Duvessa closely misses you.
You barely miss Duvessa. You claw Duvessa. Your headbutt misses Duvessa.
Your tail-slap misses Duvessa.
Your punch misses Duvessa.
Duvessa is moderately wounded.
Duvessa barely misses you.
You barely miss Duvessa. Your kick misses Duvessa.
You tail-slap Duvessa, but do no damage.
You punch Duvessa.
Duvessa is moderately wounded.
Duvessa hits you with a +0 short sword. Duvessa hits you with a +0 short sword!
You closely miss Duvessa. Your kick misses Duvessa.
You headbutt Duvessa, but do no damage.
Duvessa is moderately wounded.
Duvessa completely misses you.
You hit Duvessa but do no damage.
Duvessa is moderately wounded.
Duvessa hits you with a +0 short sword.
You hit Duvessa.
You tail-slap Duvessa, but do no damage.
Duvessa is moderately wounded.
Duvessa hits you but does no damage. Duvessa completely misses you.
You closely miss Duvessa. Your kick misses Duvessa.
Duvessa is moderately wounded.
Duvessa hits you with a +0 short sword!
* * * LOW HITPOINT WARNING * * *
You closely miss Duvessa.
Duvessa is moderately wounded.
Duvessa hits you with a +0 short sword!
* * * LOW HITPOINT WARNING * * *
You closely miss Duvessa. You claw Duvessa, but do no damage.
Duvessa is moderately wounded.
Duvessa hits you with a +0 short sword.
* * * LOW HITPOINT WARNING * * *
Duvessa closely misses you.
You feel better. Duvessa hits you with a +0 short sword!
You die...

#..).......
#.......... .
#.......... #.
#....>..... #..
#<.....>...
#.##..........
#..#..)e......
#...#@†..#
#......# #
#..##..##
...####.## #..#
.#......####..#
..........##..##
.....####......###
####. ####.....# #
#.#####


You could see Duvessa (berserk).

Vanquished Creatures
  Pikel (D:5)
  Menkaure (D:4)
  An ogre (D:4)
  3 phantoms (D:4)
  A necrophage (D:5)
  Dowan (D:5)
  A hound (D:5)
  An orc wizard (D:4)
  4 adders
  2 white imps (D:5)
  2 worms
  6 dart slugs
  5 orcs
  6 ball pythons
  10 endoplasms
  4 giant cockroaches
  9 goblins
  7 hobgoblins
  6 jackals
  6 quokkas
  5 bats
  4 frilled lizards
  9 kobolds
  7 rats
102 creatures vanquished.

Notes
Turn   | Place    | Note
-------+----------+-------------------------------------------
     0 | D:1      | nicolae the Draconian Transmuter began the quest for the
                  | Orb.
     0 | D:1      | Reached XP level 1. HP: 16/16 MP: 3/3
   243 | D:1      | Reached XP level 2. HP: 23/23 MP: 5/5
   265 | D:1      | Learned a level 2 spell: Wereblood
   813 | D:1      | Reached XP level 3. HP: 24/28 MP: 6/6
  1559 | D:2      | Reached XP level 4. HP: 30/35 MP: 6/8
  1666 | D:2      | Found a blossoming altar of Fedhas.
  1705 | D:2      | Learned a level 3 spell: Spider Form
  3108 | D:4      | Reached XP level 5. HP: 13/40 MP: 7/9
  3110 | D:4      | HP: 2/40 [frozen (5)]
  3435 | D:4      | Noticed a phantom
  3444 | D:4      | Killed a phantom
  3445 | D:4      | Reached skill level 1 in Poison Magic
  3560 | D:4      | Noticed a phantom
  3572 | D:4      | Killed a phantom
  3573 | D:4      | Reached XP level 6. HP: 20/47 MP: 11/11
  3982 | D:4      | Learned a level 4 spell: Ice Form
  4267 | D:4      | Noticed Menkaure
  4279 | D:4      | Killed Menkaure
  4280 | D:4      | Reached skill level 5 in Unarmed Combat
  4280 | D:4      | Your scales start taking on a fiery red colour.
  4280 | D:4      | Reached XP level 7. HP: 48/52 MP: 11/13
  4280 | D:4      | Gained mutation: Your flesh is heat resistant. (rF+) [Red
                  | Draconian growth]
  4649 | D:5      | Entered Level 5 of the Dungeon
  4650 | D:5      | Noticed Pikel
  4667 | D:5      | Killed Pikel
  4668 | D:5      | Reached skill level 5 in Transmutations
  4668 | D:5      | Reached skill level 1 in Ice Magic
  4668 | D:5      | Reached XP level 8. HP: 40/59 MP: 13/15
  5245 | D:5      | Noticed Dowan
  5246 | D:5      | Noticed Duvessa
  5252 | D:5      | Killed Dowan
  5261 | D:5      | HP: 1/59 [Duvessa/+0 short sword (6)]
  5262 | D:5      | Slain by Duvessa

Illustrated notes

Levels and vault maps discovered:
D:1:      elethiomel_arrival_infinity_welcomes_careful_drivers,
          layout_loops_ring
D:2:      layout_basic, basic_altar
D:3:      layout_rooms, serial_co_window_serial, co_window_paths_a,
          co_window_paths_a, co_window_corner_a, co_window_paths_a,
          co_window_corner_a, co_window_of_opportunity_b, co_window_corner_b,
          co_window_corner_ca, co_window_cross_2, co_window_2corner,
          co_window_corner_b, co_window_paths_e, glass_columns_a,
          glass_columns_a, lemuel_another_geyser
D:4:      layout_basic, minmay_close_crescents, uniq_menkaure
D:5:      layout_rooms, minmay_temple_entry_poolview, dk_rats_in_the_wall,
          uniq_duvessa, uniq_pikel

Skill      XL: |  1  2  3  4  5  6  7  8 |
---------------+-------------------------+-----
Transmutations | 3 4 5 |  5.2
Spellcasting   | 3 4 |  4.9
Unarmed Combat | 4 5 |  5.8
Poison Magic   | 1 2 3 |  3.9
Ice Magic      | 1 2 |  2.0
Fighting       | |  1.1
Dodging        | |  1.7

Action                   |  1- 3 |  4- 6 |  7- 9 || total
-------------------------+-------+-------+-------++-------
Melee: Unarmed           |   122 |   177 |    79 ||   378
       Headbutt          |     9 |    12 |    12 ||    33
       Tailslap          |    12 |    20 |    10 ||    42
       Kick              |    10 |    24 |    22 ||    56
       Punch             |       |     4 |     2 ||     6
 Cast: Beastly Appendage |    13 |    14 |     5 ||    32
       Wereblood         |       |     2 |     1 ||     3
Evoke: Wand              |       |       |     1 ||     1
  Use: Scroll            |       |     4 |     2 ||     6
       Potion            |       |     2 |     1 ||     3
 Stab: Sleeping          |     2 |     2 |       ||     4
Armor: Skin              |    26 |    39 |    31 ||    96
Dodge: Dodged            |    73 |   118 |   118 ||   309

Table legend: (Time is in decaauts)
 A = Elapsed time spent in this place.
 B = Non-inter-level travel time spent in this place.
 C = Inter-level travel time spent in this place.
 D = Time resting spent in this place.
 E = Time spent auto-exploring this place.
 F = Levels seen in this place.
 G = Mean time per level.
                   A        B        C        D        E       F      G
               +--------+--------+--------+--------+--------+-----+--------+
         Total |   5236 |   5153 |     83 |    794 |   3471 |   5 | 1047.2 |
       Dungeon |   5236 |   5153 |     83 |    794 |   3471 |   5 | 1047.2 |
               +--------+--------+--------+--------+--------+-----+--------+

Top non-repeatable levels by time:
     D:4: 1625 daAuts
     D:1: 1229 daAuts
     D:3: 929 daAuts
     D:2: 845 daAuts
     D:5: 606 daAuts
